 Dungeon Crawl Stone Soup version 0.22.1-1-ga44c0e5 (webtiles) character file.

33418 Zebedee the Cleaver (level 13, -4/92 HPs)
             Began as an Octopode Fighter on Sept 21, 2018.
             Was a High Priest of Okawaru.
             Slain by a nine-headed hydra (8 damage)
             ... on level 5 of the Lair of Beasts.
             The game lasted 01:15:57 (19012 turns).

Zebedee the Cleaver (Octopode Fighter)             Turns: 19012, Time: 01:15:58

Health: -4/92      AC:  6    Str: 17    XL:     13   Next: 70%
Magic:  33/33      EV: 27    Int: 13    God:    Okawaru [*****.]
Gold:   1047       SH: 22    Dex: 17    Spells: 12/12 levels left

rFire    + . .     SeeInvis .   a - +4 war axe
rCold    . . .     Gourm    .   U - +3 shield {AC+3}
rNeg     . . .     Faith    .   f - +2 hat
rPois    +         Spirit   .   y - +6 amulet of reflection
rElec    .         Reflect  +   c - ring of poison resistance
rCorr    +         Harm     .   j - +6 ring of evasion
MR       +....                  D - ring of magical power
Stlth    +++++++...             H - ring of magical power
HPRegen  0.25/turn              v - ring of protection from fire
MPRegen  0.23/turn              o - +2 ring of slaying
                                A - ring of protection from magic
                                N - ring of resist corrosion

@: agile, studying Axes
A: almost no armour, stealthy swim, amphibious, 8 rings, constrict 8, antennae
1, repulsion field 1, camouflage 1, deterioration 1, gelatinous body 1
a: Heroism, Finesse, Renounce Religion


You were on level 5 of the Lair of Beasts.
You worshipped Okawaru.
Okawaru was extremely pleased with you.
You were very hungry.

You visited 2 branches of the dungeon, and saw 16 of its levels.
You also visited: Labyrinth and Volcano.

You collected 1047 gold pieces.

Inventory:

Hand Weapons
 a - a +4 war axe (weapon)
Missiles
 E - 11 tomahawks (quivered)
 P - 4 throwing nets
Armour
 f - a +2 hat (worn)
 Q - the +2 large shield "Vekeidid" {Str+5 Int+4 SInv}
   (You found it in a labyrinth)

   It affects your strength (+5).
   It affects your intelligence (+4).
   It lets you see invisible.
 U - a +3 shield of protection (worn)
Jewellery
 c - a ring of poison resistance (left tentacle)
 j - a +6 ring of evasion (right tentacle)
 o - a +2 ring of slaying (on tentacle)
 v - a ring of protection from fire (on tentacle)
 y - a +6 amulet of reflection (around mantle)
 A - a ring of protection from magic (on tentacle)
 D - a ring of magical power (on tentacle)
 F - an uncursed amulet of the acrobat
 H - a ring of magical power (on tentacle)
 N - a ring of resist corrosion (on tentacle)
 X - the cursed ring of Siojuybi {rN+ Int-3}
   (You found it on level 1 of the Lair of Beasts)

   [ring of intelligence]

   It affects your intelligence (-3).
   It protects you from negative energy.
   It has a curse placed upon it.
Wands
 i - a wand of iceblast (19)
 k - a wand of flame (16)
 t - a wand of disintegration (31)
 z - a wand of random effects (35)
 G - a wand of scattershot (6)
 M - a wand of paralysis (44)
 O - a wand of digging (21)
Scrolls
 e - 7 scrolls of remove curse
 h - 3 scrolls of amnesia
 l - a scroll of magic mapping
 p - 3 scrolls of identify
 q - 2 scrolls of enchant armour
 s - a scroll of immolation
 x - 5 scrolls of fog
 C - a scroll of holy word
 V - a scroll of vulnerability
 W - 3 scrolls of teleportation
Potions
 b - 3 potions of berserk rage
 n - a potion of resistance
 r - 3 potions of flight
 B - 3 potions of agility
 I - 5 potions of brilliance
 J - 6 potions of curing
 L - a potion of cancellation
 T - a potion of might
Books
 u - a manual of Axes
Miscellaneous
 R - a lamp of fire (inert)
 S - a sack of spiders
Comestibles
 d - 14 rations


   Skills:
 + Level 10.3 Fighting
   Level 5.3 Short Blades
 - Level 14.2 Axes
 - Level 3.1 Dodging
 - Level 11.3 Stealth
 * Level 13.0 Shields
 * Level 3.0 Invocations
 + Level 1.2 Evocations


You had 12 spell levels left.
You didn't know any spells.
Your spell library contained the following spells:

 Spells                   Type           Power        Failure   Level  Hunger
 Confusing Touch          Hex            #.....       36%         1    ##.....
 Flame Tongue             Conj/Fire      #....        36%         1    ##.....
 Sandblast                Erth           #.....       36%         1    ##.....
 Passwall                 Tmut/Erth      #.......     52%         2    ###....
 Throw Flame              Conj/Fire      #.....       52%         2    ###....
 Confuse                  Hex            #.......     75%         3    ####...
 Conjure Flame            Conj/Fire      #.......     75%         3    ####...
 Gell's Gravitas          Tloc           #.........   75%         3    ####...
 Inner Flame              Hex/Fire       #.......     75%         3    ####...
 Stone Arrow              Conj/Erth      #.....       75%         3    ####...
 Petrify                  Tmut/Erth      #.......     98%         4    #####..
 Sticky Flame             Conj/Fire      #.......     98%         4    #####..
 Bolt of Magma            Conj/Fire/Erth #.........   100%        5    ######.
 Fireball                 Conj/Fire      #.........   100%        5    ######.
 Iskenderun's Battlesphe  Conj/Chrm      #.......     100%        5    ######.
 Lee's Rapid Deconstruct  Erth           #.........   100%        5    ######.
 Metabolic Englaciation   Hex/Ice        #.........   100%        5    ######.
 Venom Bolt               Conj/Pois      #.........   100%        5    ######.
 Yara's Violent Unravell  Hex/Tmut       #.........   100%        5    ######.
 Iron Shot                Conj/Erth      #.........   100%        6    #######
 Orb of Destruction       Conj           #.........   100%        7    #######
 Spellforged Servitor     Conj/Summ      #.........   100%        7    #######


Dungeon Overview and Level Annotations

Branches:
Dungeon (11/15)            Temple (0/1) D:7            Lair (5/6) D:11
  Swamp (0/4) Lair:2       Spider (0/4) Lair:4
  Slime: Lair:5-6       Orc: D:9-12

Altars:
Ashenzari
Cheibriados
Dithmenos
Fedhas
Gozag
Kikubaaqudgha
Makhleb
Nemelex Xobeh
Okawaru
Wu Jian
Xom
Zin

Annotations:
D:8 exclusion: downstairs
D:10 exclusion: downstairs
Lair:1 1 exclusion
Lair:3 exclusion: 2 downstairs


Innate Abilities, Weirdness & Mutations

You cannot wear most types of armour.
You are very stealthy in the water. (Stealth+)
You are amphibious.
You can wear up to eight rings at the same time.
You can use your tentacles to constrict eight enemies at once.
Your skin changes colour to match your surroundings (Stealth+).
Your rubbery body absorbs attacks. (AC +1, EV +1)
You have a pair of small antennae on your head.
You are surrounded by a mild repulsion field. (EV +2)
Your body sometimes deteriorates upon taking damage.


Message History

You block the eight-headed hydra's attack.
The eight-headed hydra completely misses you.
The eight-headed hydra bites you.
* * * LOW HITPOINT WARNING * * *
The eight-headed hydra completely misses you.
The eight-headed hydra bites you.
* * * LOW HITPOINT WARNING * * *
The eight-headed hydra barely misses you. x2
Okay, then.
Okay, then.
You chop one of the eight-headed hydra's heads off!
The seven-headed hydra grows two more!
You slice the nine-headed hydra!!
The nine-headed hydra is severely wounded.
The death yak is engulfed in blazing flames.
The nine-headed hydra is engulfed in blazing flames.
The nine-headed hydra bites you.
* * * LOW HITPOINT WARNING * * *
You block the nine-headed hydra's attack.
The nine-headed hydra bites you!
You die...

. ###............## ..
#...............# ..+#
##..............#
#.⌠.#.......(.......##
###...##...............#
........##.............#
.........#.............#
..........##.........###
.##.......{#@.......#.#
#.⌠.###.YD#.......###
#.... #§.Y#Y.....##
#.... ##§........##
#..>. #§#⌠.>.....# #...
#§#...#...## ##†....$.#.
#...#.#.#.. ...###.#..


You could see 3 death yaks and a nine-headed hydra.

Vanquished Creatures
  A red draconian (Volcano)
  Josephine (D:11)
  An ogre mage (Volcano)
  A hydra (D:11)
  A catoblepas (Lair:4)
  7 two-headed ogres
  3 death yaks (Lair:4)
  A fire crab (Lair:5)
  A wizard (D:11)
  Pikel (D:4)
  5 elephants (Lair:1)
  3 black mambas
  3 spiny frogs
  A komodo dragon (Lair:4)
  2 rime drakes
  A tyrant leech (Lair:2)
  A troll (D:11)
  Grinder (D:3)
  2 hornets
  Prince Ribbit (D:8)
  4 blink frogs
  A slime creature (Lair:1)
  4 hippogriffs
  A vampire (D:11)
  A spriggan (D:8)
  2 redbacks (Lab)
  3 wraiths (D:11)
  18 yaks
  A basilisk (Lair:3)
  2 wyverns (Lair:4)
  5 hungry ghosts
  2 wargs (D:11)
  Edmund (D:6)
  4 swamp worms (Lair:2)
  7 water moccasins
  A hornet zombie (D:10)
  5 orc warriors
  4 porcupines
  A slave (D:4)
  2 sky beasts
  A black bear (D:7)
  3 necrophages
  5 ice beasts
  2 phantoms
  6 ogres
  7 centaurs
  10 crocodiles
  10 bullfrogs
  Blork the orc (D:5)
  A gnoll sergeant (D:11)
  4 scorpions
  3 killer bees (D:11)
  A troll skeleton (Lab)
  An electric eel (Lair:2)
  5 crimson imps
  A bullfrog zombie (D:8)
  A centaur zombie (D:6)
  7 jellies
  A quasit (D:8)
  A gnoll shaman (D:6)
  3 centaur skeletons
  9 orc priests
  A bullfrog skeleton (D:4)
  2 hounds
  6 iguanas
  19 orc wizards
  13 worker ants
  8 hell rats (Lair:3)
  An ogre skeleton (Lab)
  A hound skeleton (D:5)
  2 howler monkey zombies
  A worker ant zombie (D:8)
  11 adders
  12 gnolls
  8 river rats (Lair:3)
  2 shadow imps (D:5)
  17 oozes (Lair:1)
  2 adder skeletons
  2 adder zombies
  6 worms
  2 dart slugs
  6 leopard geckos
  59 orcs
  7 giant cockroaches
  9 goblins
  5 hobgoblins
  12 jackals
  9 kobolds
  4 quokkas
  A ball python (D:1)
  12 bats
  5 frilled lizards
  A quokka skeleton (D:4)
  2 quokka zombies
  8 rats
  A fungus (Lair:2)
447 creatures vanquished.

Vanquished Creatures (others)
  A minotaur (Lab)
  2 orc wizards
  2 orcs (D:4)
  8 fungi
  2 plants
15 creatures vanquished.

Grand Total: 462 creatures vanquished

Notes
Turn   | Place    | Note
-------+----------+-------------------------------------------
     0 | D:1      | Zebedee the Octopode Fighter began the quest for the Orb.
     0 | D:1      | Reached XP level 1. HP: 16/16 MP: 1/1
   265 | D:1      | Reached XP level 2. HP: 21/21 MP: 2/2
   382 | D:1      | Reached skill level 1 in Stealth
   516 | D:1      | Reached XP level 3. HP: 26/26 MP: 3/3
  1081 | D:2      | Reached XP level 4. HP: 19/31 MP: 1/4
  1509 | D:3      | Reached skill level 3 in Axes
  1552 | D:3      | Found an ornate altar of the Wu Jian Council.
  1565 | D:3      | Found a shattered altar of Ashenzari.
  1577 | D:3      | Noticed Grinder
  1584 | D:3      | Killed Grinder
  1584 | D:3      | Reached skill level 1 in Short Blades
  1584 | D:3      | Reached skill level 5 in Stealth
  1584 | D:3      | Reached XP level 5. HP: 24/37 MP: 3/5
  1584 | D:3      | Reached XP level 6. HP: 28/43 MP: 3/6
  2474 | D:4      | Reached XP level 7. HP: 48/48 MP: 7/7
  2482 | D:4      | Noticed Pikel
  2502 | D:4      | Killed Pikel
  2502 | D:4      | Reached XP level 8. HP: 26/54 MP: 8/8
  3261 | D:5      | Entered Level 5 of the Dungeon
  3292 | D:5      | Found an iron altar of Okawaru.
  3310 | D:5      | Became a worshipper of Warmaster Okawaru
  3329 | D:5      | Found a shadowy altar of Dithmenos.
  3535 | D:5      | Found a shadowy altar of Dithmenos.
  3570 | D:5      | Reached * piety under Okawaru
  3570 | D:5      | Reached skill level 5 in Short Blades
  3574 | D:5      | Found a shimmering altar of Xom.
  3574 | D:5      | Noticed an angel
  3588 | D:5      | Found a glowing silver altar of Zin.
  3608 | D:5      | Found a snail-covered altar of Cheibriados.
  3609 | D:5      | Found a sparkling altar of Nemelex Xobeh.
  3673 | D:5      | Reached skill level 4 in Axes
  4060 | D:5      | Reached skill level 5 in Shields
  4102 | D:5      | Found an opulent altar of Gozag.
  4136 | D:5      | Noticed Blork the orc
  4155 | D:5      | Killed Blork the orc
  4210 | D:5      | Noticed a two-headed ogre
  4224 | D:5      | Killed a two-headed ogre
  4224 | D:5      | Reached skill level 5 in Fighting
  4224 | D:5      | Reached skill level 5 in Axes
  4224 | D:5      | Reached XP level 9. HP: 35/61 MP: 6/9
  4231 | D:5      | Reached ** piety under Okawaru
  4512 | D:6      | Noticed Edmund
  4527 | D:6      | Killed Edmund
  4673 | D:6      | Gained mutation: You do not regenerate when monsters are
                  | visible. [potion of mutation]
  4673 | D:6      | Gained mutation: Your spells are a little easier to cast,
                  | but a little less powerful. [potion of mutation]
  4673 | D:6      | Gained mutation: Your system is resistant to poisons.
                  | (rPois) [potion of mutation]
  4673 | D:6      | Gained mutation: You are robust. (+10% HP) [potion of
                  | mutation]
  4674 | D:6      | Lost mutation: Your spells are a little easier to cast, but
                  | a little less powerful. [potion of mutation]
  4674 | D:6      | Lost mutation: You are robust. (+10% HP) [potion of
                  | mutation]
  4674 | D:6      | Lost mutation: You do not regenerate when monsters are
                  | visible. [potion of mutation]
  4674 | D:6      | Lost mutation: Your system is resistant to poisons. (rPois)
                  | [potion of mutation]
  4674 | D:6      | Gained mutation: Your body sometimes deteriorates upon
                  | taking damage. [potion of mutation]
  4674 | D:6      | Gained mutation: You passively map a small area around you.
                  | [potion of mutation]
  4674 | D:6      | Gained mutation: Your mind is acute. (Int +2) [potion of
                  | mutation]
  5347 | D:6      | Found an ancient bone altar of Kikubaaqudgha.
  5852 | D:7      | Reached XP level 10. HP: 58/66 MP: 10/10
  5942 | D:7      | Reached skill level 6 in Axes
  6968 | D:7      | Reached *** piety under Okawaru
  7081 | D:7      | Found a staircase to the Ecumenical Temple.
  7375 | D:8      | Noticed Prince Ribbit
  7380 | D:8      | Killed Prince Ribbit
  7665 | D:8      | Reached skill level 10 in Stealth
  8243 | D:9      | Noticed a two-headed ogre
  8245 | D:9      | Reached skill level 7 in Axes
  8334 | D:9      | Reached **** piety under Okawaru
  8363 | D:9      | HP: 1/66 [something (5)]
  8726 | D:9      | Found a burning altar of Makhleb.
  8853 | D:9      | Found a blossoming altar of Fedhas.
  9549 | D:10     | Entered Level 10 of the Dungeon
  9553 | D:10     | Reached skill level 8 in Axes
 10219 | D:11     | Reached XP level 11. HP: 74/74 MP: 11/11
 10263 | D:11     | Noticed a wizard
 10313 | D:11     | Killed a wizard
 10313 | D:11     | Reached skill level 9 in Axes
 10340 | D:11     | Reached ***** piety under Okawaru
 10572 | D:11     | Noticed Josephine
 10575 | D:11     | Found a staircase to the Lair.
 10594 | D:11     | Found a labyrinth entrance.
 10603 | Lab      | Entered a labyrinth
 11269 | Lab      | Noticed a minotaur
 11279 | Lab      | Killed a minotaur
 11279 | Lab      | Reached skill level 10 in Axes
 11289 | Lab      | Got a dazzling large shield
 11300 | Lab      | Identified the +2 large shield "Vekeidid" {Str+5 Int+4
                  | SInv} (You found it in a labyrinth)
 11310 | D:11     | Reached skill level 1 in Evocations
 11315 | D:11     | Reached skill level 1 in Invocations
 11342 | D:11     | HP: 3/75 [Josephine/ghostly fireball (23)]
 11343 | D:11     | Killed Josephine
 11773 | D:11     | Received a gift from Okawaru
 11906 | D:11     | Reached skill level 11 in Axes
 12163 | D:11     | Noticed a seven-headed hydra
 12175 | D:11     | Killed a seven-headed hydra
 12175 | D:11     | Reached XP level 12. HP: 36/81 MP: 12/12
 12470 | Lair:1   | Entered Level 1 of the Lair of Beasts
 12472 | Lair:1   | Identified a scroll of acquirement
 12793 | Lair:1   | Reached skill level 10 in Shields
 12868 | Lair:1   | Got a smoking brass ring
 13137 | Lair:1   | Reached skill level 12 in Axes
 13657 | Lair:1   | Reached skill level 13 in Axes
 13768 | Lair:1   | Noticed an eight-headed hydra
 13965 | Lair:2   | Found a staircase to the Swamp.
 14043 | Lair:2   | Found a dark tunnel.
 14062 | Volcano  | Entered a volcano
 14221 | Volcano  | Noticed an ogre mage
 14293 | Volcano  | Noticed a two-headed ogre
 14293 | Volcano  | Noticed a two-headed ogre
 14312 | Volcano  | Killed a two-headed ogre
 14322 | Volcano  | Noticed a two-headed ogre
 14331 | Volcano  | Killed a two-headed ogre
 14332 | Volcano  | Noticed a two-headed ogre
 14332 | Volcano  | Noticed a red draconian
 14364 | Volcano  | HP: 4/82 [red draconian/searing blast (9)]
 14367 | Volcano  | Killed a red draconian
 14367 | Volcano  | Reached skill level 14 in Axes
 14557 | Volcano  | Noticed a two-headed ogre
 14568 | Volcano  | Killed a two-headed ogre
 14629 | Volcano  | Killed a two-headed ogre
 14683 | Volcano  | Killed a two-headed ogre
 14683 | Volcano  | Received a gift from Okawaru
 14826 | Volcano  | Noticed a two-headed ogre
 14830 | Volcano  | Found a burning altar of Makhleb.
 14836 | Volcano  | Killed an ogre mage
 14847 | Volcano  | Killed a two-headed ogre
 15426 | Lair:2   | Lost mutation: Your mind is acute. (Int +2) [potion of
                  | mutation]
 15426 | Lair:2   | Lost mutation: You passively map a small area around you.
                  | [potion of mutation]
 15426 | Lair:2   | Gained mutation: You have a pair of small antennae on your
                  | head. [potion of mutation]
 15426 | Lair:2   | Gained mutation: You are surrounded by a mild repulsion
                  | field. (EV +2) [potion of mutation]
 15625 | Lair:2   | Reached XP level 13. HP: 86/90 MP: 14/14
 15920 | Lair:3   | Identified the cursed ring of Siojuybi {rN+ Int-3} (You
                  | found it on level 1 of the Lair of Beasts)
 17664 | Lair:3   | Reached skill level 10 in Fighting
 18739 | Lair:4   | Found a hole to the Spider Nest.
 19012 | Lair:5   | HP: 4/92 [nine-headed hydra (3)]
 19012 | Lair:5   | Slain by a nine-headed hydra

Skill      XL: |  1  2  3  4  5  6  7  8  9 10 11 12 13 |
---------------+----------------------------------------+-----
Stealth        | 1 2 5 6 7 8 9 10 11 | 11.3
Axes           | 3 5 8 11 14 | 14.2
Short Blades   | 1 2 4 5 |  5.3
Fighting       | 4 5 6 7 8 10 | 10.3
Shields        | 4 6 8 9 11 13 | 13.0
Evocations     | 1 |  1.2
Invocations    | 1 2 3 |  3.0
Dodging        | |  3.1

Action                   |  1- 3 |  4- 6 |  7- 9 | 10-12 | 13-15 || total
-------------------------+-------+-------+-------+-------+-------++-------
Melee: War axe           |    59 |       |       |   594 |   272 ||   925
       Constrict         |    21 |    17 |    45 |    74 |    33 ||   190
       Tentacles         |    16 |    13 |    55 |   119 |    58 ||   261
       Short sword       |    20 |    71 |   295 |    62 |       ||   448
       Punch             |       |       |     1 |     1 |       ||     2
Throw: Tomahawk          |       |       |       |       |    10 ||    10
Invok: Heroism           |       |       |     2 |     6 |       ||     8
       Finesse           |       |       |       |     1 |       ||     1
Evoke: Wand              |       |       |       |    15 |     2 ||    17
       Lamp of fire      |       |       |       |     1 |     1 ||     2
  Use: Potion            |       |     1 |     4 |     9 |     3 ||    17
       Scroll            |       |     2 |     3 |    22 |     6 ||    33
 Stab: Sleeping          |    10 |    12 |     8 |    37 |     4 ||    71
       Distracted        |     1 |       |       |     2 |     2 ||     5
  Eat: Chunk             |     1 |     4 |    11 |    16 |    10 ||    42
       Ration            |       |       |       |     5 |       ||     5
Armor: Skin              |     7 |     6 |     3 |    15 |    11 ||    42
Dodge: Dodged            |    39 |    26 |   124 |   211 |    87 ||   487
Block: Shield            |    37 |    28 |   214 |   422 |   193 ||   894
       Reflection        |       |       |     7 |    12 |     3 ||    22
       Large shield      |       |       |       |    35 |       ||    35
       Other             |       |       |       |     8 |     2 ||    10
